woodfighter, neutral female human Healer ----- ------------ ---------- --..`-- ----- |...........# #.........| |......######-.<.-########|..........|# #|........| -------- |.....| |...| #|..........|# #|........| |......| |......######|...| #|....-------# #|........| |......| --...-- #|...| #|....| # #|....----- |.F..B.| --|-- #|...|# #-+---- # #.....|############-@...>.| # #-----# ####### # ###-|----# ------+- #### # ############################ # ### ### # # # # # ################`I ### ### # # -----------.- # # # ###|...........|### # -----# #......(.....|# # |...|# |...........-# # |...|# ------------- ##...".# ----- woodfighter the Rhizotomist Experience level: 2 Strength: 10 Dexterity: 10 Constitution: 15 Intelligence: 10 Wisdom: 14 Charisma: 17 Health: 0(17) Energy: 7(7) Def: 2 Gold: 1412 Moves: 906 Dungeon seed: SnSdSgY4Tg0zKU-Z Game ID: woodfighter_1508534552 Your Inventory: Coins $ - 1412 gold pieces Weapons a - a +0 scalpel (weapon in hand) Armor e - an uncursed +1 pair of leather gloves (being worn) Comestibles l - 7 blessed eucalyptus leaves m - 4 blessed sprigs of wolfsbane o - 5 blessed cloves of garlic p - 5 uncursed apples z - an uncursed orange Scrolls q - an uncursed scroll of identify s - 2 uncursed scrolls of scare monster u - an uncursed scroll of enchant armor w - an uncursed scroll of genocide x - a blessed scroll of stinking cloud Spellbooks i - a blessed spellbook of healing j - a blessed spellbook of extra healing k - a blessed spellbook of stone to flesh Potions c - a blessed potion of healing d - 3 uncursed potions of healing f - a blessed potion of extra healing g - 3 uncursed potions of extra healing t - an uncursed potion of water Wands h - a wand of sleep (0:7) v - a wand of polymorph (0:4) Tools b - an uncursed stethoscope Spells and supernatural/magical abilities: Name Level Category Fail Memory h - healing 1 healing 0% 96% x - extra healing 3 healing 98% 96% S - stone to flesh 3 healing 100% 96% W - pray for help -- divine ? -- Your skills at the end: Miscellaneous Skills wands [Basic] Weapon Skills knife [Basic] Spellcasting Skills healing spells [Basic] Final Attributes: You were devoutly aligned. You were poison resistant. You were very stealthy. You are dead. Vanquished creatures: a large kobold a brown mold 3 jackals a kobold 2 newts a sewer rat a grid bug a bat a kobold zombie 12 creatures vanquished. Voluntary challenges: You did not adorn yourself with jewelry or accessories. You did not cause conflict. You were not invisible. You did not have reflection. You were not displaced. You were an atheist. You used a wielded weapon 20 times, starting on turn 96. You did not apply a unicorn horn. You did not use plumbed fixtures. You did not drink any magical draughts. You were illiterate. You never genocided any monsters. You never polymorphed an object. You never changed form. You used no wishes. You never split a pudding. You never wrote Elbereth's name. You never violated your personal moral code. Dungeon overview: The Dungeons of Doom: levels 1 to 3 Level 1 a fountain a long staircase Level 2 stairs to The Gnomish Mines Level 3 <- You were here The Gnomish Mines: Level 3 stairs to The Dungeons of Doom History has recorded: On T:1 you entered the Dungeons of Doom to retrieve the Amulet of Yendor! On T:53 you reached level 2 of The Dungeons of Doom. On T:368 you reached level 1 of The Gnomish Mines. On T:579 you reached level 3 of The Dungeons of Doom. On T:800 you advanced to experience level 2. Score breakdown: Gold: 135 ( 13 points) Experience: 2 levels ( 100 points) Exploration: 3 levels ( 60 points) Discoveries: 7 items ( 350 points) Variety of kills: 9 monsters ( 450 points) Major goal: (nothing yet) ( 0 points) Survival: died (score multiplied by 3) Total score: 2919 Latest messages: You feel more confident in your skills. You see here an orange. z - an orange. $ - 19 gold pieces. You kill the brown mold! You are beginning to feel hungry. You stop exploring. The door opens. You see here a convex amulet. The door resists! (3x) The door opens. You stop exploring. You hack the bat. The bat is moderately wounded. The bat bites! (2x) You kill the bat! You hack the brown mold. The brown mold is lightly damaged. You slash the brown mold. The brown mold is moderately damaged. You are suddenly very cold! You hack the brown mold. The brown mold is moderately damaged. You slash the brown mold. The brown mold is almost dead. You are suddenly very cold! You die... Final status: Goodbye woodfighter the Healer, killed by a brown mold... You died in The Dungeons of Doom on dungeon level 3 with 2919 points, and 1412 pieces of gold, after 906 moves. You were level 2 with a maximum of 17 hit points when you died.